AoeStats
← gabrielaA23

Socotra

506488182Analyzed
2v2 RM · 20d ago on Sep 13, 2026· 20m 15s· 4 players
Game mode
Random Map
Map size
Tiny (2 player)
Population
200
Speed
Normal
Resources
Standard
Victory
Conquest
Starting age
Dark Age
Ending age
Imperial Age
RankedLock teamsTeams togetherTeam positionsShared explorationLock speedFull tech treeHidden civsTurbo modeCheats
Victory
Defeat
🇩🇪 Spanish · Germany
736
+17
🇩🇪 Franks · Germany
722
+17
🇦🇷 Teutons · Argentina
868
-68
🇦🇷 Turks · Argentina
626
-20
Cyto
5:37 Loom
12:23 Feudal Age
14:25 Double-Bit Axe
16:36 Wheelbarrow
18:56 Castle Age
magge
10:19 Feudal Age
13:39 Loom
16:04 Castle Age
19:12 Double-Bit Axe
gabrielaA23
12:06 Loom
13:53 Feudal Age
chemadc5965
10:55 Feudal Age
Connection lost

Rejoining the realm…

Still unreachable

The connection could not be restored.

Session expired

The server has moved on; the page needs a fresh start.